Map: King's Cove LE

Players

Reynor

  • Race: Zerg Zerg
  • Spawn Location: 11:00

gumiho - Winner!

  • Race: Terran Terran
  • Spawn Location: 5:00

Event: IEM Season 13: Katowice (2019)

VOD

Have the link to the VOD?

Description

Time

  • Played on: Feb. 26, 2019, 9:13 a.m.
  • Length: 14:46

All games in this series

Show
View Real Time Build Order
Export as new Build Order

Reynor Zerg 

Build Orders: Pool First 

Get SALT Encoding   

  12  0:00  Drone  
  13  0:12  Overlord  
  13  0:18  Drone  
  14  0:30  Drone x2  
  16  0:41  Spawning Pool  
  15  0:45  Drone  
  15  0:49  Drone  
  17  1:11  Hatchery  
  16  1:13  Drone  
  17  1:28  Zergling x6  
  20  1:33  Queen  
  20  1:37  Extractor  
  21  1:42  Overlord  
  21  1:50  Drone  
  22  2:01  Drone  
  23  2:09  Queen  
  23  2:11  Drone  
  26  2:22  Drone  
  27  2:23  Drone  
  27  2:26  Queen  
  30  2:33  Drone  
  31  2:37  Drone  
  31  2:39  Metabolic Boost  
  31  2:41  Drone  
  32  2:45  Drone  
  32  2:47  Drone  
  33  2:51  Drone  
  33  2:53  Drone  
  33  2:56  Drone  
  36  3:01  Overlord  
  36  3:14  Overlord  
  36  3:20  Zergling x4  
  36  3:21  Drone x2  
  36  3:24  Zergling x2  
  41  3:27  Queen  
  43  3:35  Zergling x2  
  43  3:40  Zergling x4  
  46  3:42  Drone  
  46  3:43  Drone x2  
  46  3:47  Zergling x2  
  50  3:49  Drone  
  51  3:56  Overlord  
  51  4:02  Hatchery  
  50  4:03  Drone x2  
  50  4:07  Overlord  
  52  4:17  Lair  
  52  4:18  Queen, Drone x2  
  52  4:22  Zergling x4  
  57  4:25  Zergling x2  
  57  4:28  Drone x4  
  57  4:29  Extractor  
  61  4:32  Spore Crawler  
  61  4:37  Overlord  
  60  4:43  Spore Crawler  
  60  4:45  Zergling x2  
  58  4:48  Zergling x2  
  58  4:50  Drone  
  58  4:52  Overlord  
  60  4:56  Drone x2  
  60  4:57  Queen  
  64  5:03  Zergling x2  
  64  5:04  Zergling x2  
  64  5:05  Drone x2  
  68  5:07  Overlord  
  69  5:14  Overseer, Drone  
  69  5:15  Drone  
  69  5:17  Drone  
  69  5:19  Drone x2  
  69  5:20  Drone  
  70  5:28  Roach Warren  
  70  5:33  Zergling x2  
  70  5:34  Zergling x10  
  74  5:42  Evolution Chamber  
  72  5:50  Queen  
  70  5:57  Overlord  
  67  6:08  Roach x4  
  67  6:09  Roach x7  
  82  6:15  Roach x3  
  79  6:19  Roach  
  72  6:29  Drone x2  
  72  6:30  Drone  
  72  6:43  Nydus Network  
  71  6:50  Zergling x6  
  71  6:53  Zergling x2  
  75  6:59  Zergling x6  
  77  7:08  Zergling x6  
  80  7:15  Zergling x6  
  83  7:19  Nydus Canal  
  81  7:27  Roach x3  
  78  7:31  Roach  
  78  7:32  Roach  
  76  7:40  Overseer  
  76  7:43  Zergling x6  
  78  7:46  Roach  
  78  7:49  Roach  
  79  7:54  Roach, Zergling x2  
  79  7:56  Zergling x2  
  67  7:58  Ravager  
  67  7:59  Zergling x2  
  67  8:02  Drone  
  67  8:04  Drone  
  63  8:10  Drone x2  
  57  8:16  Drone  
  58  8:20  Queen  
  58  8:21  Drone  
  58  8:22  Drone  
  58  8:26  Drone  
  62  8:30  Queen  
  62  8:33  Drone  
  65  8:35  Drone  
  65  8:41  Glial Reconstitution, Spore Crawler  
  63  8:43  Drone  
  63  8:45  Drone  
  63  8:46  Drone  
  63  8:48  Drone  
  67  8:52  Drone  
  67  8:54  Zerg Missile Weapons Level 1  
  67  8:55  Drone  
  69  8:59  Queen  
  69  9:01  Drone  
  69  9:02  Drone  
  73  9:06  Drone  
  73  9:09  Drone  
  75  9:13  Drone  
  75  9:14  Drone  
  75  9:16  Extractor  
  76  9:20  Roach  
  78  9:25  Roach  
  78  9:26  Drone  
  81  9:32  Roach  
  81  9:34  Roach x3  
  81  9:36  Overlord  
  81  9:37  Drone  
  87  9:44  Overlord  
  87  9:45  Roach x2  
  89  9:50  Overlord  
  89  9:55  Roach x2  
  89  9:56  Roach  
  95  10:00  Roach  
  95  10:04  Roach x2  
  97  10:09  Roach x2  
  97  10:10  Roach  
  97  10:13  Roach x2  
  104  10:15  Zergling x2  
  104  10:17  Extractor  
  104  10:22  Roach x3  
  104  10:25  Zergling x4  
  104  10:26  Overlord  
  112  10:29  Overlord  
  112  10:35  Hatchery  
  107  10:39  Roach x3  
  113  10:47  Roach x3  
  119  10:52  Roach x4  
  125  10:57  Roach x2  
  129  11:05  Overlord  
  129  11:06  Overlord  
  129  11:16  Nydus Canal  
  129  11:23  Overlord  
  128  11:28  Roach  
  128  11:29  Roach x4  
  128  11:30  Tunneling Claws, Burrow  
  138  11:35  Overlord  
  138  11:42  Roach x3  
  144  11:49  Drone x4  
  144  11:54  Roach x2  
  152  11:56  Ravager x2  
  152  11:58  Roach  
  152  11:59  Roach  
  158  12:01  Overlord  
  158  12:11  Overlord  
  158  12:21  Roach x4  
  154  12:30  Roach x4  
  154  12:31  Roach x3  
  166  12:37  Roach x39  
  166  12:38  Roach  
  162  12:47  Roach x4  
  170  12:54  Roach x2  
  166  13:08  Roach x6  
  166  13:12  Roach  
  157  13:13  Roach  
  157  13:17  Ravager x2  
  148  13:22  Roach x13  
  150  13:28  Roach x2  
  150  13:31  Roach  
  150  13:34  Roach x12  
  150  13:44  Roach x3  
  142  13:52  Drone  
  142  13:54  Extractor  
  142  13:55  Ravager x2  
  142  13:56  Roach  
  142  13:57  Roach  
  146  14:05  Roach x3  
  146  14:06  Drone x3  
  151  14:12  Ravager  
  151  14:15  Roach  
  151  14:16  Roach  
  156  14:21  Roach x2  
  156  14:22  Zergling x4  
Show
View Real Time Build Order
Export as new Build Order

gumiho Terran - Winner!

Build Orders: Reaper Expand, Hellion Banshee, Mech 

Get SALT Encoding   

  12  0:00  SCV  
  13  0:12  SCV  
  14  0:17  Supply Depot  
  14  0:24  SCV  
  15  0:39  SCV  
  15  0:40  Barracks  
  16  0:44  Refinery  
  16  0:51  SCV  
  17  1:03  SCV  
  18  1:15  SCV  
  19  1:27  Orbital Command  
  19  1:28  Reaper  
  20  1:41  Command Center  
  20  1:48  Supply Depot  
  20  1:54  SCV  
  20  2:00  Reaper  
  22  2:01  Refinery  
  22  2:06  SCV  
  23  2:18  SCV  
  23  2:21  Factory  
  24  2:30  SCV  
  25  2:38  Barracks Reactor  
  25  2:43  SCV  
  26  2:55  SCV  
  29  3:06  Starport, Hellion  
  29  3:07  SCV  
  30  3:15  Supply Depot  
  31  3:23  SCV  
  31  3:30  Barracks Tech Lab  
  31  3:37  Hellion x2  
  31  3:40  Orbital Command, SCV  
  36  3:52  SCV  
  36  3:53  Banshee, Cloaking Field  
  40  3:56  Marine  
  40  3:59  Supply Depot  
  40  4:00  Hellion x2  
  45  4:04  SCV  
  45  4:07  SCV  
  47  4:16  SCV  
  48  4:18  Supply Depot  
  48  4:19  SCV  
  48  4:21  Hellion x2  
  48  4:23  Barracks Tech Lab  
  52  4:28  SCV  
  52  4:31  SCV  
  54  4:33  Armory  
  54  4:35  Supply Depot  
  54  4:38  Banshee  
  54  4:45  Hellion  
  59  4:46  Hellion  
  59  4:48  SCV  
  59  4:49  SCV  
  63  4:54  Supply Depot  
  63  5:00  SCV  
  63  5:01  SCV  
  65  5:12  Command Center, SCV  
  65  5:13  SCV  
  67  5:23  Hellion x2  
  67  5:25  SCV x2  
  73  5:36  Terran Vehicle And Ship Armor Level 1  
  73  5:37  SCV  
  73  5:38  SCV  
  73  5:40  Factory  
  75  5:47  Factory  
  75  5:48  Starport Reactor  
  75  5:49  SCV, Hellion x2  
  80  5:53  SCV  
  79  6:01  SCV  
  75  6:05  SCV  
  75  6:10  Hellion x2  
  70  6:13  SCV  
  70  6:17  SCV  
  69  6:25  SCV  
  62  6:29  SCV  
  62  6:32  Cyclone, Hellion  
  58  6:37  Orbital Command, SCV  
  59  6:40  Cyclone  
  59  6:41  SCV  
  59  6:43  Mag-Field Accelerator  
  63  6:49  SCV  
  63  6:53  SCV  
  65  6:55  Hellion x2  
  65  6:58  Refinery  
  69  7:01  SCV  
  69  7:02  Refinery  
  69  7:05  SCV, Cyclone  
  69  7:08  SCV  
  73  7:13  Siege Tank, SCV  
  77  7:25  Hellion  
  71  7:31  Hellion  
  71  7:32  SCV x2  
  63  7:37  Hellion  
  47  7:45  Hellion  
  49  7:54  Hellion  
  49  7:55  Hellion  
  48  7:58  Siege Tank  
  48  7:59  SCV x2  
  48  8:00  SCV  
  47  8:06  Hellion  
  47  8:11  SCV x2  
  47  8:12  SCV  
  50  8:15  Hellion  
  50  8:17  Hellion  
  54  8:23  SCV x2  
  54  8:24  SCV  
  57  8:28  Supply Depot  
  62  8:35  SCV x2  
  62  8:36  SCV, Cyclone x2, Hellion  
  62  8:38  Hellion  
  70  8:47  SCV x2  
  72  8:48  SCV  
  72  8:54  Factory  
  73  8:57  Factory  
  73  8:59  SCV x2  
  73  9:00  SCV  
  73  9:02  Refinery  
  76  9:03  Refinery  
  76  9:04  Terran Vehicle And Ship Armor Level 2  
  76  9:10  Hellion  
  76  9:11  SCV  
  76  9:12  SCV x2  
  76  9:14  Hellion  
  83  9:23  Cyclone  
  83  9:24  SCV x3  
  89  9:31  Engineering Bay  
  89  9:36  Cyclone, SCV x2  
  89  9:37  SCV  
  95  9:45  Factory Tech Lab x2  
  95  9:47  Hellion x2  
  95  9:48  SCV x2  
  101  10:00  Supply Depot  
  101  10:01  Supply Depot  
  101  10:05  SCV x3  
  98  10:10  Cyclone x2  
  98  10:13  Cyclone  
  97  10:15  Cyclone  
  97  10:17  SCV  
  101  10:22  SCV  
  101  10:24  Hellion  
  101  10:25  Hellion  
  106  10:29  Supply Depot  
  106  10:36  SCV x2  
  106  10:37  SCV  
  106  10:41  Supply Depot  
  109  10:45  Cyclone  
  109  10:46  Liberator  
  109  10:49  Liberator  
  112  10:51  Cyclone  
  112  10:56  Cyclone  
  116  11:03  Missile Turret  
  122  11:13  Cyclone  
  122  11:17  Cyclone  
  122  11:18  Hellion  
  128  11:23  Terran Vehicle Weapons Level 1  
  126  11:29  Cyclone, Hellion x2  
  126  11:30  Liberator  
  126  11:32  Liberator  
  131  11:40  Supply Depot x2  
  131  11:41  Supply Depot  
  131  11:45  Hellion  
  139  12:01  Command Center  
  137  12:04  Cyclone x2  
  137  12:06  Cyclone  
  146  12:11  Cyclone  
  141  12:25  Supply Depot  
  138  12:32  Supply Depot  
  138  12:33  SCV x3  
  138  12:36  Cyclone x2  
  147  12:37  Hellion x2  
  149  12:46  Cyclone x2  
  155  12:59  Hellion  
  155  13:10  Missile Turret, Siege Tank x2  
  146  13:13  Missile Turret  
  146  13:18  Siege Tank x2  
  123  13:20  Planetary Fortress  
  123  13:28  Missile Turret  
  123  13:40  Liberator x2  
  123  13:42  Siege Tank x2  
  123  13:43  Hellion  
  128  13:50  Siege Tank, Hellion x5  
  131  13:56  Siege Tank  
  140  14:04  SCV x3  
  140  14:09  Missile Turret  
  143  14:16  SCV  

Tags
 
Add a new tag
Caveats
  • Supply blocks, unpowered buildings, or Contaminate may cause inaccurate times.
  • Supply counts are checked every 10 seconds.